[Event "13th All African Rapid-ch Men 2024"]
[Site "Accra"]
[Date "2024.03.10"]
[Round "4.4"]
[White "Pedro Manuel Envo Engonga Avom"]
[Black "Mwali, Chitumbo"]
[Result "0-1"]
[ECO "C56"]
[WhiteElo "1702"]
[BlackElo "2340"]
[Annotator "TA"]
[PlyCount "33"]
[EventDate "2024.03.07"]
[EventType "rapid"]
[EventCountry "GHA"]
[SourceTitle "playchess.com"]
[Source "ChessBase"]
[SourceQuality "1"]
[TimeControl "900+10"]

1. e4 e5 2. Nf3 Nc6 3. d4 exd4 4. Bc4 Nf6 5. c3 Nxe4 6. O-O d5 7. Re1 Be6 ({Black should try} 7... Be7 {White must now prevent ...Nxf2.} 8. Bb3 O-O) 8. Bb5 $17 Bd6 9. Nxd4 ({White should play} 9. cxd4 $15 O-O 10. Nc3) 9... O-O $19 {[%emt 0:00:14][%cal Od6h2] [#] ...Bxh2+! would now be deadly. Black is clearly better.} 10. Nxe6 $2 (10. Bxc6 $17 {was necessary.} bxc6 11. Nd2 Nxd2 12. Bxd2) 10... fxe6 11. Qg4 {[%emt 0:00:54] White is weak on the dark squares} (11. f4 $142) 11... Qf6 {[%emt 0:00:07] Black is clearly winning.} ({And not} 11... Rxf2 12. Rxe4 (12. Qxe6+ $2 {perishes.} Kh8 $19) 12... Bc5 13. Be3 $11 (13. Rxe6 $2 Rf4+ 14. Be3 Bxe3+ 15. Rxe3 Rxg4 $19) (13. Qxe6+ $2 Kh8 $19)) ({Don't take} 11... Nxf2 12. Qxe6+ Kh8 13. g3) 12. f3 Ne5 {[%emt 0:00:27] Excellent horsemanship.} 13. Qh3 Bc5+ 14. Be3 (14. Kf1 $142) 14... Bxe3+ 15. Rxe3 Qf4 16. Qxe6+ Kh8 17. Re1 {[%emt 0:00:57] Weighted Error Value: White=1.17/Black=0.44.  Loses game:     	White=1     	---        Mistake:       	White=3     	---        OK:         	White=1     	Black=4      Best:        	White=1     	---} 0-1

[Event "13th All African Rapid-ch Men 2024"]
[Site "Accra"]
[Date "2024.03.10"]
[Round "4.5"]
[White "Levitan, Caleb Levi"]
[Black "Wanyama, Harold"]
[Result "0-1"]
[ECO "B47"]
[WhiteElo "2235"]
[BlackElo "2226"]
[Annotator "TA"]
[PlyCount "82"]
[EventDate "2024.03.07"]
[EventType "rapid"]
[EventCountry "GHA"]
[SourceTitle "playchess.com"]
[Source "ChessBase"]
[SourceQuality "1"]
[TimeControl "900+10"]

1. e4 c5 2. Nf3 e6 3. d4 cxd4 4. Nxd4 Nc6 5. Nc3 Qc7 6. Nxc6 bxc6 7. Bd3 Nf6 8. O-O d5 9. Re1 Bd6 10. h3 d4 ({Vorzuziehen ist} 10... O-O $11) 11. Ne2 $1 $14 {[%emt 0:00:29] Weiß steht etwas besser.} c5 {[%emt 0:00:35] Und ...c4 würde nun gewinnen.} 12. c3 e5 13. cxd4 cxd4 {[%emt 0:00:04] [#]} 14. f4 $2 O-O $15 15. fxe5 Bxe5 16. Bg5 Bb7 17. Rc1 Qb6 (17... Qd6 $17 18. Bxf6 Bxf6 (18... Qxf6 19. Kh1 $17)) 18. Bxf6 (18. Bf4 $11 {hält das Gleichgewicht.} Nd7 19. Qb3) 18... Qxf6 $17 (18... gxf6 19. Kh1 $15) 19. Rf1 Qb6 20. Qd2 Rae8 21. Nf4 Bb8 {[%emt 0:00:11] Das Läuferpaar ist gut.} 22. Rce1 Qd6 23. Qd1 Re5 24. Qg4 h6 (24... g6 $142 {Zielt auf ...Rfe8 ab.} 25. Qh4 Rc8) 25. h4 {[%emt 0:00:45] [#]} f5 26. Qg3 $2 {[%emt 0:01:31][%mdl 8192] Die Straße ins Nirgendwo für Weiß.} (26. Qg6 $1 $11 Rf6 27. Bc4+ Kh8 28. exf5 Rxg6 (28... Rxe1 $2 29. Rxe1 Qf8 30. Re8 $18) 29. Nxg6+ Kh7 30. Rxe5) 26... fxe4 $19 (26... Bxe4 27. Ng6 Bxd3 28. Rxe5 Bxf1 29. Qb3+ Kh7 30. Nxf8+ Qxf8 31. Re6 $11) 27. Ng6 {[%emt 0:00:14] Es drohte exd3} Rxf1+ 28. Rxf1 {[%emt 0:00:34] Droht Bc4+ und aus.} Re8 29. Bc4+ Kh7 30. Nf4 $2 (30. Qxd6 Bxd6 31. Nf4) 30... Rf8 31. h5 d3 (31... Rxf4 32. Rxf4 Bc6 (32... Qxf4 33. Qg6+ Kh8 34. Qe8+) 33. Qg6+ Qxg6 34. hxg6+ Kxg6 35. Rf8 $19) 32. Qg4 (32. Qg6+ $19 Qxg6 33. hxg6+ Kh8 34. Nxd3 Rxf1+ (34... Bh2+ $2 35. Kxh2 Rxf1 36. Ne5 $19) 35. Kxf1 exd3 36. Bxd3) 32... Qc5+ ({Schlechter ist} 32... Rxf4 33. Rxf4 Qc5+ (33... Qxf4 34. Qg6+ Kh8 35. Qe8+) 34. Kf1 Qxc4 (34... Bxf4 35. Qg6+ Kh8 36. Qe8+) 35. Qg6+ Kg8 36. Qe8+ Kh7 37. Qg6+ Kg8 38. Qe8+ Kh7 39. Qg6+ $11) 33. Kh1 Qxc4 {[%emt 0:00:16] Schwarz setzt Matt.} 34. g3 e3+ 35. Kh2 Bxf4 36. gxf4 e2 37. Qg6+ Kh8 38. Rg1 Qxf4+ ({Schwächer ist} 38... Qxa2 39. Qxg7#) 39. Rg3 Qf2+ 40. Kh3 Bc8+ ({Minderwertig wäre} 40... e1=B 41. Qxg7#) 41. Kh4 Qh2+ {[%emt 0:00:06] Gewichteter Fehlerwert: Weiß=0.67/Schwarz=0.28 (präzise) .  Verlustzug:     	Weiß=1     	---        Fehler:       	Weiß=3     	Schwarz=4     Ungenau:       	Weiß=2     	Schwarz=2     OK:         	Weiß=5     	Schwarz=7     Bester:       	Weiß=2     	Schwarz=3     Stark:        	Weiß=1     	---} 0-1

[Event "13th All African Rapid-ch Men 2024"]
[Site "Accra"]
[Date "2024.03.10"]
[Round "4.6"]
[White "Asabri, Hussien"]
[Black "Silva, David"]
[Result "0-1"]
[ECO "E69"]
[WhiteElo "2196"]
[BlackElo "2358"]
[Annotator "TA"]
[PlyCount "82"]
[EventDate "2024.03.07"]
[EventType "rapid"]
[EventCountry "GHA"]
[SourceTitle "playchess.com"]
[Source "ChessBase"]
[SourceQuality "1"]
[TimeControl "900+10"]

1. d4 Nf6 2. Nf3 g6 3. g3 Bg7 4. Bg2 O-O 5. O-O d6 6. c4 Nbd7 7. Nc3 e5 8. e4 c6 9. h3 a6 10. a4 a5 11. Be3 exd4 12. Bxd4 Re8 {[%emt 0:00:03] Die Stellung ist ausgeglichen.} 13. Re1 Qc7 (13... Ne5 $5) 14. Qd2 Ne5 15. Nxe5 (15. Qe2 $11 {ist überlegen.}) 15... dxe5 $15 16. Be3 Be6 17. b3 Nd7 18. Rac1 (18. Nd5 $11 Qd8 (18... cxd5 19. cxd5 Nf8 20. Rac1 $16) 19. Red1) 18... Bf8 19. Red1 Nc5 20. Qc2 f5 21. exf5 gxf5 22. f4 (22. Kh2 $11) 22... e4 23. Kh2 Nd3 24. Rb1 Rad8 25. Ne2 Bg7 26. Rd2 Nb4 $36 {[%emt 0:00:08][%mdl 2048] Schwarz hat starke Initiative. Schwarz hat aktiveres Spiel.} 27. Qd1 {[%emt 0:00:33] [#]} Rd3 ({Besser ist} 27... Rxd2 $1 28. Qxd2 Rd8) 28. Bd4 $2 {[%emt 0:00:31] Danach ist Weiß chancenlos.} (28. Nd4 $17) 28... Qd7 {[%emt 0:00:21] Zielt auf ...Bxd4 ab.} 29. Rxd3 (29. Be3 $17 {war nötig.}) 29... exd3 $19 30. Bxg7 {[%emt 0:00:06] Schwarz muss nun Ba1 beachten.} dxe2 (30... Kxg7 31. Ng1 $17) 31. Qxd7 Bxd7 32. Bc3 Nd3 33. Be1 Re3 34. Kg1 Kf7 35. c5 (35. Bxa5 {war einen Versuch wert.} Rxg3 (35... e1=R+ $2 36. Bxe1 Nxe1 37. Bf1 $19) 36. Bd2) 35... Be6 ({Finger weg von} 35... Nxc5 36. Bxa5 Nd3 (36... Nxb3 37. Kf2 $11) (36... Rxb3 37. Rxb3 Nxb3 38. Bc3 $19) (36... Rxg3 37. Kf2 $17) 37. Be1 $19) 36. b4 (36. Kh2 $142) 36... axb4 37. a5 Ba2 38. Ra1 b3 {[%emt 0:00:04][%cal Ob3b2] [#] ( -> ...b2!)} 39. a6 bxa6 (39... b2 $142 40. Rb1 Bxb1 (40... bxa6 $2 41. Rxb2 Nxb2 42. Bxc6 $19) 41. axb7 Nxe1 42. Bd5+ cxd5 43. b8=Q Nf3+ (43... Rxg3+ {ist ein Selbstmatt.} 44. Kf2 Rg2+ 45. Kxe1 Bd3 46. Qb7+ Kg6 47. Kd2 b1=Q 48. Qxb1 Bxb1 49. c6) 44. Kg2 e1=Q (44... e1=R 45. Qxb2) 45. Qb7+ Re7 46. Qxd5+ Kg7 47. Qxf3 Re2+ 48. Qxe2 Qxe2+ 49. Kg1 Be4 50. h4 b1=Q#) 40. Bxc6 b2 41. Rxa2 b1=Q {[%emt 0:00:05] Gewichteter Fehlerwert: Weiß=0.93/Schwarz=0.39.  Verlustzug:     	Weiß=1     	---        Fehler:       	Weiß=6     	Schwarz=1     Ungenau:       	Weiß=3     	Schwarz=4     OK:         	Weiß=9     	Schwarz=11    Bester:       	---       	Schwarz=2} 0-1

[Event "13th All African Rapid-ch Men 2024"]
[Site "Accra"]
[Date "2024.03.10"]
[Round "4.7"]
[White "Rongwane, Gomolemo"]
[Black "Pereira, Sergio Murilo de Ara"]
[Result "1-0"]
[ECO "E04"]
[WhiteElo "2021"]
[BlackElo "2115"]
[Annotator "RC"]
[PlyCount "101"]
[EventDate "2024.03.07"]
[EventType "rapid"]
[EventCountry "GHA"]
[SourceTitle "playchess.com"]
[Source "ChessBase"]
[SourceQuality "1"]
[TimeControl "900+10"]

1. d4 Nf6 2. c4 e6 3. Nf3 d5 4. g3 dxc4 5. Bg2 c5 6. O-O Nc6 7. Qa4 Bd7 8. dxc5 Bxc5 9. Qxc4 Be7 10. Nc3 O-O 11. Rd1 Qa5 12. Bg5 Rfd8 13. a3 Rac8 14. b4 Nxb4 15. Qb3 Nc6 16. Bd2 Qa6 17. Be1 Na5 18. Qb1 Nc4 19. a4 Bc6 20. Nb5 Qb6 21. Qa2 a6 22. Nbd4 Bd5 23. a5 Qc7 24. Rac1 Qd7 25. Qa1 Qe8 26. Bc3 Ne4 27. Be1 Bf6 28. e3 Ned6 29. Qb1 Qe7 30. Bb4 Qe8 31. h4 Be4 32. Qa2 Bd5 33. Qe2 Qa4 34. Qe1 Nb2 35. Ra1 Qd7 36. Rdb1 Nd3 37. Qd2 Nxb4 38. Qxb4 Rc4 39. Qe1 Rdc8 40. Nd2 Bxd4 41. Nxc4 Bxg2 42. Nxd6 Qxd6 43. Rd1 Qc6 44. Rxd4 e5 45. Rdd1 Bh3 46. e4 Qe6 47. Rac1 Re8 48. Qe2 Bg4 49. f3 Bh5 50. g4 Qg6 51. Qg2 1-0

[Event "13th All African Rapid-ch Men 2024"]
[Site "Accra"]
[Date "2024.03.10"]
[Round "4.8"]
[White "Cogan, Nicolas"]
[Black "Frempong-Smart Daniel"]
[Result "1-0"]
[ECO "D85"]
[WhiteElo "2070"]
[BlackElo "1877"]
[Annotator "RC"]
[PlyCount "65"]
[EventDate "2024.03.07"]
[EventType "rapid"]
[EventCountry "GHA"]
[SourceTitle "playchess.com"]
[Source "ChessBase"]
[SourceQuality "1"]
[TimeControl "900+10"]

1. d4 Nf6 2. c4 g6 3. Nc3 d5 4. cxd5 Nxd5 5. Bd2 Bg7 6. e4 Nb6 7. Be3 Nc6 8. Nf3 Bg4 9. d5 Ne5 10. Be2 Bxf3 11. gxf3 c6 12. Bd4 O-O 13. f4 Nec4 14. Bxc4 e5 15. Bxb6 Qxb6 16. Qe2 exf4 17. f3 cxd5 18. Nxd5 Qa5+ 19. Kf1 Kh8 20. Kg2 Rae8 21. Rhd1 f5 22. Bd3 Qd8 23. Qf2 fxe4 24. Bxe4 Qg5+ 25. Kh1 Qh5 26. Rac1 b6 27. Nc3 Rf7 28. Rd5 Qh6 29. Rcd1 Bf6 30. Qg2 g5 31. Rd7 Be7 32. Nd5 Qe6 33. Nc7 1-0

[Event "13th All African Rapid-ch Men 2024"]
[Site "Accra"]
[Date "2024.03.10"]
[Round "4.9"]
[White "Akpa Prince"]
[Black "Oluka Robert Mcligeyo"]
[Result "0-1"]
[ECO "E21"]
[WhiteElo "1845"]
[BlackElo "2041"]
[Annotator "RC"]
[PlyCount "76"]
[EventDate "2024.03.07"]
[EventType "rapid"]
[EventCountry "GHA"]
[SourceTitle "playchess.com"]
[Source "ChessBase"]
[SourceQuality "1"]
[TimeControl "900+10"]

1. d4 Nf6 2. Nf3 e6 3. c4 Bb4+ 4. Nc3 O-O 5. g3 b6 6. Bg2 Bb7 7. O-O Bxc3 8. bxc3 d6 9. Bg5 Nbd7 10. Re1 h6 11. Bf4 Re8 12. Qb3 e5 13. dxe5 dxe5 14. Nxe5 Bxg2 15. Nxd7 Qxd7 16. Kxg2 Qc6+ 17. f3 Ng4 18. e4 Ne5 19. Bxe5 Rxe5 20. Rad1 Rc5 21. Rd4 b5 22. cxb5 Rxb5 23. Rb4 Rc5 24. Re3 Rd8 25. Rd4 Rxd4 26. cxd4 Rc2+ 27. Kg1 Rc1+ 28. Kf2 Qd7 29. Qb2 Rd1 30. d5 Qh3 31. Qb8+ Kh7 32. Re2 Qxh2+ 33. Ke3 Qxg3 34. Qd8 Rf1 35. Kd2 Rxf3 36. Qe7 Rd3+ 37. Kc2 Qf3 38. Rd2 Ra3 0-1

[Event "13th All African Rapid-ch Men 2024"]
[Site "Accra"]
[Date "2024.03.10"]
[Round "4.10"]
[White "Mahamat Hachim Bachar"]
[Black "Fomevor, Cephas Clinton"]
[Result "0-1"]
[ECO "B17"]
[WhiteElo "1843"]
[BlackElo "1887"]
[Annotator "NA RC"]
[PlyCount "80"]
[EventDate "2024.03.07"]
[EventType "rapid"]
[EventCountry "GHA"]
[SourceTitle "playchess.com"]
[Source "ChessBase"]
[SourceQuality "1"]
[TimeControl "900+10"]

1. e4 c6 2. d4 d5 3. Nd2 dxe4 4. Nxe4 Nd7 5. Nf3 Ngf6 6. Qe2 Nxe4 7. Qxe4 Nf6 8. Qd3 Bg4 9. Bg5 e6 10. Ne5 Bf5 11. Qb3 Qc7 12. O-O-O Bd6 13. f4 Nd5 14. c4 Nf6 15. Bd3 Ne4 16. g4 Bxe5 17. dxe5 Nxg5 18. gxf5 Nh3 19. Rhf1 g5 20. fxg6 hxg6 21. Rf3 g5 22. f5 O-O-O 23. fxe6 fxe6 24. Qc3 Nf4 25. Rd2 Kb8 26. a3 Qb6 27. Kb1 Qg1+ 28. Ka2 Rxh2 29. Rf1 Qg3 30. Rxh2 Qxh2 31. Be4 Qe2 32. Re1 Qf2 33. Qb4 Qb6 34. Qe7 a6 35. Qxg5 Nd3 36. Bxd3 Rxd3 37. Qg8+ Ka7 38. Qxe6 Qb3+ 39. Kb1 Rd2 40. Kc1 Qc2# 0-1

[Event "13th All African Rapid-ch Men 2024"]
[Site "Accra"]
[Date "2024.03.10"]
[Round "4.11"]
[White "Yacouba, Souley Moussa"]
[Black "Ntamatungiro, Wilfried"]
[Result "0-1"]
[ECO "D11"]
[WhiteElo "1645"]
[BlackElo "1905"]
[Annotator "RC"]
[PlyCount "52"]
[EventDate "2024.03.07"]
[EventType "rapid"]
[EventCountry "GHA"]
[SourceTitle "playchess.com"]
[Source "ChessBase"]
[SourceQuality "1"]
[TimeControl "900+10"]

1. d4 d5 2. Bf4 c6 3. e3 Nf6 4. Nf3 Bg4 5. c4 e6 6. Nbd2 Bd6 7. Bg3 Bxg3 8. hxg3 Nbd7 9. Qb3 Qc7 10. Bd3 O-O 11. Qc2 g6 12. O-O-O dxc4 13. Bxc4 e5 14. Rde1 exd4 15. Nxd4 Ne5 16. Bb3 c5 17. f3 Bd7 18. Kb1 Rac8 19. Ne2 c4 20. Ba4 b5 21. f4 Nd3 22. Qc3 Nd5 23. Qd4 Nxe1 24. Qxd5 bxa4 25. Rxe1 Bf5+ 26. e4 Rfd8 0-1

[Event "13th All African Rapid-ch Men 2024"]
[Site "Accra"]
[Date "2024.03.10"]
[Round "5.1"]
[White "Amin, Bassem"]
[Black "Zhemba, Jemusse"]
[Result "1-0"]
[ECO "D02"]
[WhiteElo "2670"]
[BlackElo "2226"]
[Annotator "TA"]
[PlyCount "85"]
[EventDate "2024.03.07"]
[EventType "rapid"]
[EventCountry "GHA"]
[SourceTitle "playchess.com"]
[Source "ChessBase"]
[SourceQuality "1"]
[TimeControl "900+10"]

1. Nf3 Nf6 2. g3 d5 3. Bg2 c5 4. O-O Nc6 5. d4 cxd4 6. Nxd4 e5 7. Nxc6 bxc6 8. c4 Be6 9. Nc3 Qd7 10. Qa4 Rc8 11. cxd5 {[%emt 0:00:51] White is slightly better.} cxd5 12. Qxd7+ Kxd7 13. Rd1 d4 (13... Bc5 $14) 14. e3 $16 Bg4 15. f3 Be6 16. exd4 exd4 17. Be3 ({Don't take} 17. Rxd4+ Ke8 $16) 17... Ke8 (17... Bc5 $16) 18. Bxd4 $18 Bc5 19. Nb5 Ke7 20. Nxa7 Bxd4+ 21. Rxd4 Rc2 {[%emt 0:00:03] [#]} (21... Rc7 $142) 22. f4 $1 {[%emt 0:00:13] Black must now prevent Nc6+.} Ng4 23. Re1 g6 24. h3 Nh6 (24... Nf6 $142 25. Nc6+ Kf8) 25. g4 {[%emt 0:00:11] Hoping for a4.} Re8 26. Rb4 Kf8 27. Nb5 {[%emt 0:00:02] Strongly threatening Nd4.} Bxa2 28. Rxe8+ Kxe8 {[%emt 0:00:00] [#]} 29. Nc3 $1 Be6 {[%emt 0:00:03] [#]} 30. f5 $1 Rc1+ (30... Nxf5 31. gxf5) 31. Kh2 gxf5 (31... Nxf5 $142 32. gxf5 Bxf5 33. Rb8+ Ke7 34. Rb7+ Kf6 35. Ne4+ Bxe4 36. Bxe4 Rd1) 32. g5 Ng4+ 33. hxg4 {[%emt 0:00:01] White is clearly winning.} fxg4 34. Ne4 Rc2 35. Kg3 Kd7 36. Rd4+ Kc7 37. Rd2 Rc1 38. Nf6 Rc5 39. Bd5 {[%emt 0:00:24] Bxe6 would now be deadly.} ({Weaker is} 39. Nxg4 Rxg5 40. Bf3 h5 $16) 39... Bf5 40. Bxf7 Rc1 41. Bd5 Rg1+ 42. Bg2 Rb1 43. Be4 {[%emt 0:00:19] White took control after the opening.   Weighted Error Value: White=0.12 (very precise) /Black=0.34.  Mistake:       	---       	Black=5      Inaccurate:     	White=1     	Black=2      OK:         	White=19    	Black=10     Best:        	White=3     	Black=1      Strong:       	White=1     	---} 1-0

[Event "13th All African Rapid-ch Men 2024"]
[Site "Accra"]
[Date "2024.03.10"]
[Round "5.2"]
[White "Wanyama, Harold"]
[Black "Paiva, Donaldo"]
[Result "1-0"]
[ECO "E04"]
[WhiteElo "2226"]
[BlackElo "2172"]
[Annotator "RC"]
[PlyCount "53"]
[EventDate "2024.03.07"]
[EventType "rapid"]
[EventCountry "GHA"]
[SourceTitle "playchess.com"]
[Source "ChessBase"]
[SourceQuality "1"]
[TimeControl "900+10"]

1. d4 Nf6 2. c4 e6 3. g3 d5 4. Bg2 dxc4 5. Nf3 Nc6 6. Qa4 Bb4+ 7. Bd2 Nd5 8. Bxb4 Ndxb4 9. O-O Rb8 10. Na3 O-O 11. Qb5 b6 12. Qxc4 Ba6 13. Nb5 Qd5 14. Qxd5 Nxd5 15. a4 Ncb4 16. Ne5 c6 17. Nxa7 Bxe2 18. Rfc1 Nf6 19. Naxc6 Nxc6 20. Nxc6 Rb7 21. b4 Nd5 22. Ra2 Bd3 23. Rd2 Bf5 24. Re1 Kh8 25. Re5 Nf6 26. h3 Rc7 27. d5 1-0

[Event "13th All African Rapid-ch Men 2024"]
[Site "Accra"]
[Date "2024.03.10"]
[Round "5.3"]
[White "Mwali, Chitumbo"]
[Black "Arab, Adlane"]
[Result "1/2-1/2"]
[ECO "E17"]
[WhiteElo "2340"]
[BlackElo "2477"]
[Annotator "TA"]
[PlyCount "97"]
[EventDate "2024.03.07"]
[EventType "rapid"]
[EventCountry "GHA"]
[SourceTitle "playchess.com"]
[Source "ChessBase"]
[SourceQuality "1"]
[TimeControl "900+10"]

1. c4 e6 2. g3 d5 3. Bg2 Nf6 4. Nf3 Be7 5. O-O O-O 6. b3 b6 7. Bb2 Bb7 8. d4 dxc4 9. bxc4 c5 10. d5 exd5 $15 11. Ne5 (11. cxd5 $15 Nxd5 (11... Qxd5 12. Nc3 $15) 12. Ne5) 11... Nbd7 $17 {[%emt 0:02:08] Schwarz steht besser.} 12. Nxd7 Qxd7 13. cxd5 Nxd5 14. e4 Nf6 15. Nc3 Rad8 16. Qb3 ({Besser ist} 16. Qxd7 Rxd7 17. e5) 16... Qc6 17. Nd5 Nxd5 18. exd5 Qd6 19. Rad1 Bf6 20. Bxf6 Qxf6 21. Rfe1 Qd6 22. Qe3 Ba6 23. Qe7 Bb5 24. Qxa7 c4 ({Vorzuziehen ist} 24... Bd7 $17 {Und ...Ra8 würde nun gewinnen.} 25. Qa3 Ra8) 25. Qe7 $11 Ba4 {[%emt 0:00:05] ...Qxe7 ist eine echte Drohung.} 26. Rc1 b5 27. Qg5 Rfe8 28. Rxe8+ Rxe8 29. h4 h6 30. Qg4 {[%emt 0:00:41] [#]} Qa3 {[%emt 0:00:11] Es drohte Bf3} (30... Qc5 $1 $17 31. Qd7 Re2 32. Qd8+ Kh7) 31. Qf4 $15 c3 (31... Qxa2 32. d6 Rf8 33. d7 $11) 32. d6 {[%emt 0:00:00][%cal Bd5d6,Bd6d7][%mdl 32] [#] Und jetzt d7 wäre schön.} c2 (32... Qxa2 $2 {verliert.} 33. d7 (33. Rxc3 b4 $16) 33... Rf8 (33... Rd8 $2 34. Qc7 $18) 34. Rxc3 $18) (32... Rd8 $1 $17 33. Be4 (33. Bd5 $2 Qxd6 34. Qxf7+ Kh8 $17) 33... Qc5 (33... Qxd6 34. Qxd6 Rxd6 35. Rxc3 $11) (33... Rxd6 34. Kg2 $11)) 33. Bd5 $11 {[%emt 0:00:07] Die Stellung ist ausgeglichen.} Rf8 34. d7 {[%emt 0:00:03] Tanz auf der Rasierklinge.} Qe7 {[%emt 0:00:18] Lässt Re1 nicht zu} 35. Qc7 b4 36. Bc6 Bxc6 37. Qxc6 {[%emt 0:00:01][%mdl 4096] Endspiel. KQR-KQR} Rd8 38. Rxc2 Rxd7 39. Kg2 h5 40. Qf3 g6 41. Re2 Qd6 42. Re8+ Kg7 43. Qe4 Ra7 44. Qc4 Rc7 45. Qe4 Ra7 46. Qc4 Rxa2 47. Qxa2 {[%emt 0:00:03] Droht Matt per Qa1+.} Qc6+ 48. Kh2 {[%emt 0:00:01] Beabsichtigt Qa1+ und Matt.} Qxe8 49. Qb2+ {[%emt 0:00:00] Und Weiß wird für den zähen Widerstand belohnt.   Gewichteter Fehlerwert: Weiß=0.07 (makellos) /Schwarz=0.10 (sehr präzise) .  Fehler:       	Weiß=3     	Schwarz=3     Ungenau:       	Weiß=2     	---        OK:         	Weiß=14    	Schwarz=17    Bester:       	Weiß=3     	Schwarz=5} 1/2-1/2

[Event "13th All African Rapid-ch Men 2024"]
[Site "Accra"]
[Date "2024.03.10"]
[Round "5.4"]
[White "Silva, David"]
[Black "Rakotomaharo, Fy Antenaina"]
[Result "1/2-1/2"]
[ECO "B22"]
[WhiteElo "2358"]
[BlackElo "2454"]
[Annotator "TA"]
[PlyCount "43"]
[EventDate "2024.03.07"]
[EventType "rapid"]
[EventCountry "GHA"]
[SourceTitle "playchess.com"]
[Source "ChessBase"]
[SourceQuality "1"]
[TimeControl "900+10"]

1. e4 c5 2. c3 Nf6 3. e5 Nd5 4. d4 cxd4 5. Nf3 e6 6. cxd4 d6 7. Bc4 Be7 8. O-O O-O 9. Re1 Nc6 10. Bd2 Nb6 11. Bb3 dxe5 12. dxe5 Nd4 13. Nxd4 Qxd4 14. Qf3 Nd5 15. Bxd5 Qxd5 16. Qg3 {[%emt 0:00:03] [#] And now Bh6 would win.} Kh8 17. Bf4 Bb4 18. Nc3 Bxc3 19. Qxc3 b5 {[%emt 0:00:54] Black is weak on the dark squares} 20. Red1 {[%emt 0:00:31] White is slightly better.} Qc4 21. Qxc4 bxc4 22. Bd2 {[%emt 0:02:24] Weighted Error Value: White=0.09 (flawless) /Black=0.15 (very precise) .  Inaccurate:     	White=2     	Black=2      OK:         	White=5     	---} 1/2-1/2

[Event "13th All African Rapid-ch Men 2024"]
[Site "Accra"]
[Date "2024.03.10"]
[Round "5.5"]
[White "KIGIGHA, Bomo Lovet"]
[Black "Rongwane, Gomolemo"]
[Result "0-1"]
[ECO "D79"]
[WhiteElo "2231"]
[BlackElo "2021"]
[Annotator "RC"]
[PlyCount "116"]
[EventDate "2024.03.07"]
[EventType "rapid"]
[EventCountry "GHA"]
[SourceTitle "playchess.com"]
[Source "ChessBase"]
[SourceQuality "1"]
[TimeControl "900+10"]

1. Nf3 Nf6 2. g3 g6 3. Bg2 Bg7 4. d4 O-O 5. O-O d5 6. c4 c6 7. cxd5 cxd5 8. Nc3 Nc6 9. Ne5 e6 10. Nxc6 bxc6 11. Bf4 a5 12. Na4 Nd7 13. Rc1 Ra6 14. e4 Nf6 15. e5 Nd7 16. Re1 Bb7 17. Qd2 Ra8 18. b3 Ba6 19. Nc5 Nxc5 20. Rxc5 Bb7 21. Bh6 Qb6 22. Bxg7 Kxg7 23. g4 a4 24. Re3 h6 25. Rh3 Rh8 26. Qf4 Qd8 27. b4 a3 28. Rf3 Rf8 29. Rcc3 Ra4 30. Rb3 Qe7 31. Rh3 Qg5 32. Qxg5 hxg5 33. Rxa3 Rxb4 34. Rhb3 Rxb3 35. Rxb3 Ba6 36. a4 Ra8 37. Bf3 Bc4 38. Rb4 Ra5 39. Bd1 c5 40. dxc5 Rxc5 41. Kg2 Rc7 42. Kf3 f6 43. exf6+ Kxf6 44. Ke3 Rc6 45. Rb8 Ba6 46. Rf8+ Ke7 47. Ra8 e5 48. a5 Bc4 49. Bf3 Kd6 50. Bd1 d4+ 51. Kd2 e4 52. Ba4 Ra6 53. Rxa6+ Bxa6 54. Be8 Ke5 55. Bxg6 Kf4 56. Bf5 Kf3 57. Ke1 e3 58. fxe3 Kxe3 0-1

[Event "13th All African Rapid-ch Men 2024"]
[Site "Accra"]
[Date "2024.03.10"]
[Round "5.6"]
[White "Oluka Robert Mcligeyo"]
[Black "Cogan, Nicolas"]
[Result "1/2-1/2"]
[ECO "E10"]
[WhiteElo "2041"]
[BlackElo "2070"]
[Annotator "RC"]
[PlyCount "60"]
[EventDate "2024.03.07"]
[EventType "rapid"]
[EventCountry "GHA"]
[SourceTitle "playchess.com"]
[Source "ChessBase"]
[SourceQuality "1"]
[TimeControl "900+10"]

1. d4 Nf6 2. Nf3 e6 3. c4 a6 4. Nc3 Bb4 5. Bg5 h6 6. Bxf6 Qxf6 7. e3 c5 8. a3 Bxc3+ 9. bxc3 O-O 10. Be2 d5 11. cxd5 exd5 12. O-O Nc6 13. dxc5 Be6 14. Nd4 Qe7 15. Nxc6 bxc6 16. Qd4 Bf5 17. Bf3 Rab8 18. c4 dxc4 19. Qxc4 Rb5 20. Rfc1 Qf6 21. a4 Rb2 22. Qd4 Rd8 23. Qxf6 gxf6 24. g4 Be6 25. Rd1 Rxd1+ 26. Rxd1 Rc2 27. Rd6 Rc1+ 28. Kg2 Rxc5 29. h3 Rc4 30. Rd4 Rc1 1/2-1/2

[Event "13th All African Rapid-ch Men 2024"]
[Site "Accra"]
[Date "2024.03.10"]
[Round "5.7"]
[White "Asabri, Hussien"]
[Black "Pedro Manuel Envo Engonga Avom"]
[Result "1-0"]
[ECO "D40"]
[WhiteElo "2196"]
[BlackElo "1702"]
[Annotator "ChessBase"]
[PlyCount "112"]
[EventDate "2024.03.07"]
[EventType "rapid"]
[EventCountry "GHA"]
[SourceTitle "playchess.com"]
[Source "ChessBase"]
[SourceQuality "1"]
[TimeControl "900+10"]

1. d4 d5 2. Nf3 Nf6 3. c4 e6 4. Nc3 c5 5. e3 Nc6 6. a3 a5 7. Bd3 Bd6 8. O-O O-O 9. b3 cxd4 10. exd4 e5 11. cxd5 Nxd4 12. h3 h6 13. Be3 Nf5 14. Bd2 Re8 15. Re1 Nd4 16. Nxd4 exd4 17. Rxe8+ Qxe8 18. Nb5 Qe5 19. Nxd6 Qxd6 20. Qe2 Qxd5 21. Bc4 Qd6 22. Re1 Bd7 23. a4 Bc6 24. Qe5 Qxe5 25. Rxe5 b6 26. Re7 Rf8 27. Rc7 Bd5 28. Bxd5 Nxd5 29. Rd7 Nf6 30. Rxd4 Rb8 31. Bf4 Rb7 32. Be3 b5 33. Rd8+ Kh7 34. Ra8 Nd5 35. Rxa5 Nxe3 36. fxe3 bxa4 37. bxa4 Kg6 38. Kf2 Kf6 39. Kf3 Ke6 40. Ra8 f5 41. a5 Kd6 42. a6 Rd7 43. a7 g5 44. g4 fxg4+ 45. Kxg4 Kd5 46. e4+ Kd4 47. e5 Ke4 48. e6 Re7 49. Kh5 Ke5 50. Kxh6 g4 51. hxg4 Rxe6+ 52. Kh5 Re7 53. g5 Ke6 54. Kh6 Ke5 55. g6 Ke6 56. g7 Kd5 1-0